 Dungeon Crawl Stone Soup version 0.32-a0-616-g9348d4545b (webtiles) character file.

Game seed: 15471168018430520392

21 cforsyth the Grave Robber (level 2, -2/24 HPs)
             Began as a Mountain Dwarf Necromancer on Mar 5, 2024.
             Slain by a gnoll
             ... wielding a +0 spear
              (7 damage)
             ... on level 1 of the Dungeon.
             The game lasted 00:02:50 (1093 turns).

cforsyth the Grave Robber (MDNe)                    Turns: 1093, Time: 00:02:51

Health: -2/24      AC:  2    Str: 10    XL:     2   Next: 65%
Magic:  3/4        EV: 11    Int: 15    God:
Gold:   49         SH:  0    Dex: 10    Spells: 3/4 levels left

rFire   . . .        h - +1 dagger (flame)
rCold   . . .        (no shield)
rNeg    . . .        a - +0 robe
rPois   .            (no helmet)
rElec   .            (no cloak)
rCorr   .            (no gloves)
SInv    .            (no boots)
Will    .....        (no amulet)
Stlth   ++           (no ring)
HPRegen 0.24/turn    (no ring)
MPRegen 0.09/turn

%: no passive effects
@: no status effects
A: runic magic, artefact enchanting
a: no special abilities


You were on level 1 of the Dungeon.
You visited 1 branch of the dungeon, and saw 2 of its levels.

You collected 49 gold pieces.


Innate Abilities, Weirdness & Mutations

Your spellcasting is much less encumbered by armour.
You can use scrolls of enchantment on lesser artefacts.


   Skills:
 + Level 1.7 Fighting
 - Level 1.3 Dodging
 - Level 1.4 Stealth
 - Level 1.7 Spellcasting
 + Level 4.9 Necromancy


You had 3 spell levels left.
You knew the following spells:

 Your Spells              Type           Power      Damage    Failure   Level
X - Necrotise             Necr           64%        1d7       3%          1

Your spell library contained the following spells:

 Spells                   Type           Power      Damage    Failure   Level
 Sublimation of Blood     Necr           16%        N/A       4%          2
 Vampiric Draining        Necr           16%        2d7       9%          3
 Call Imp                 Summ           2%         N/A       34%         2
 Animate Dead             Necr           16%        N/A       30%         4
 Curse of Agony           Necr           16%        N/A       63%         5
 Summon Hydra             Summ           0%         N/A       100%        7

Inventory:

Hand Weapons
 g - a +0 club
 h - a +1 dagger of flaming (weapon)
Missiles
 i - 5 poisoned darts
Armour
 a - a +0 robe (worn)
Scrolls
 d - a scroll of teleportation {unknown}
 j - a scroll of fog {unknown}
 k - a scroll of identify {unknown}
 l - a scroll of fear {unknown}
Potions
 b - a potion of magic
 c - a potion of attraction {unknown}
 e - a potion of ambrosia {unknown}
 f - a potion of degeneration {unknown}

Dungeon Overview and Level Annotations

Branches:
Dungeon (2/15)

Altars:

#.## #.# #..## #..
##..# ### ##.# #
######## #.#
##......## #.#
##........###.##
###
#..........##..#
#..
#....@g....###.#
#.. #..........#
#.# #..
#..........# #.#
#..
#..........###.##
###
##..............#
#..
######.#########
#.# ###...### #.#
####...#...#### ###
###....#####....###
###


You could see a gnoll.


Message History

The gnoll hits you from afar with a +0 spear.
Unknown command.
The gnoll misses you.
There is a stone staircase leading up here.
The gnoll barely misses you.
You climb upwards.
There is a stone staircase leading down here.
You start resting.
HP restored.
Magic restored.
You climb downwards.
The gnoll hits you with a +0 spear. The gnoll hits you with a +0 spear!
* * * LOW HITPOINT WARNING * * *
There is a stone staircase leading up here.
You are too injured to fight recklessly!
You are too injured to fight recklessly!
You are too injured to fight recklessly!
The gnoll hits you with a +0 spear!
* * * LOW HITPOINT WARNING * * *
You climb upwards.
There is a stone staircase leading down here.
You are too injured to fight recklessly!
You aren't carrying any items that you can evoke.
Casting: Necrotise (safe; 3% risk of failure)
Confirm with . or Enter, or press ? or * to list all spells.
Aiming: Necrotise (safe; 3% risk of failure)
Press: ? - help, Shift-Dir - straight line, f - gnoll
Aim: a gnoll, wielding a +0 spear (moderately wounded, chance to affect: 80%)
The gnoll writhes in agony.
The gnoll hits you with a +0 spear!
You die...

Skill      XL: |  1 |
---------------+----+-----
Fighting       | 1 |  1.7
Dodging        | |  1.3
Stealth        | |  1.4
Spellcasting   | |  1.7
Necromancy     | |  4.9

Action                     || total
---------------------------++-------
  Melee: Club              ||     6
         Dagger            ||     3
   Cast: Necrotise         ||    36
 Armour: Robe              ||    20
  Dodge: Dodged            ||    18

Levels and vault maps discovered:
D:1:      minmay_arrival_split_and_join, layout_rooms,
          shapermc_ecumenical_altar_petra
D:2:      layout_basic, serial_bayou, serial_bayou_lake_a, serial_bayou_pond_d,
          serial_bayou_crossing, serial_bayou_pond_c, serial_bayou_shore_b,
          serial_bayou_lagoon_b, minmay_distorted, uniq_crazy_yiuf_cottage

Notes
Turn   | Place    | Note
-------+----------+-------------------------------------------
     0 | D:1      | cforsyth the Mountain Dwarf Necromancer began the quest for
                  | the Orb.
     0 | D:1      | Reached XP level 1. HP: 14/14 MP: 3/3
   307 | D:1      | Reached skill level 1 in Fighting
   309 | D:1      | Reached XP level 2. HP: 23/23 MP: 2/4
   457 | D:1      | Found a faded altar of an unknown god.
  1093 | D:1      | Slain by a gnoll

Vanquished Creatures
  2 endoplasms
  A giant cockroach (D:1)
  4 hobgoblins
  A quokka (D:1)
  2 ball pythons
  3 bats
  A frilled lizard (D:1)
  2 goblins
  2 kobolds (D:1)
  2 rats (D:1)
20 creatures vanquished.

Vanquished Creatures (collateral kills)
  A goblin (D:1)
1 creature vanquished.

Grand Total: 21 creatures vanquished

Table legend: (Time is in decaauts)
 A = Elapsed time spent in this place.
 B = Non-inter-level travel time spent in this place.
 C = Inter-level travel time spent in this place.
 D = Time resting spent in this place.
 E = Time spent auto-exploring this place.
 F = Levels seen in this place.
 G = Mean time per level.
                   A        B        C        D        E       F      G
               +--------+--------+--------+--------+--------+-----+--------+
         Total |   1095 |   1087 |      8 |     34 |    851 |   2 |  547.5 |
       Dungeon |   1095 |   1087 |      8 |     34 |    851 |   2 |  547.5 |
               +--------+--------+--------+--------+--------+-----+--------+

Top non-repeatable levels by time:
     D:1: 885 daAuts
     D:2: 209 daAuts

Table legend:
 A = Non-vault XP
 B = Vault XP
 C = Vault XP percentage of total XP
 D = Non-vault monster count
 E = Vault monster count
 F = Vault count percentage of total count
                 A         B        C        D         E       F
            +---------+---------+-------+---------+---------+-------
      Total |      31 |       0 |   0.0 |      21 |       0 |   0.0
            +---------+---------+-------+---------+---------+-------
        D:1 |      21 |       0 |   0.0 |      15 |       0 |   0.0
        D:2 |      10 |       0 |   0.0 |       6 |       0 |   0.0
            +---------+---------+-------+---------+---------+-------
